 Dungeon Crawl Stone Soup version 0.17.2-1-ge4368a0 (webtiles) character file.

1 Goblin1989 the Insei (level 1, -3/15 HPs)
             Began as a Demonspawn Transmuter on Nov 25, 2017.
             Slain by a gnoll
             ... wielding a +0 club
              (6 damage)
             ... on level 1 of the Dungeon.
             The game lasted 00:00:36 (336 turns).

Goblin1989 the Insei (Demonspawn Transmuter)         Turns: 336, Time: 00:00:37

Health: -3/15      AC:  2    Str: 10    XL:     1   Next: 16%
Magic:  2/3        EV: 12    Int: 14    God:
Gold:   34         SH:  0    Dex: 13    Spells: 1 memorised, 3 levels left

rFire  . . .     SeeInvis .       - Unarmed
rCold  . . .     Clarity  .     b - +0 robe
rNeg   . . .     SustAt   .     (no shield)
rPois  .         Gourm    .     (no helmet)
rElec  .         Spirit   .     (no cloak)
rCorr  .         Warding  .     (no gloves)
rMut   .         Stasis   .     (no boots)
MR     .....                    (no amulet)
Stlth  +.........               (no ring)
                                (no ring)

@: very slightly contaminated, not resistant to hostile enchantments, very
unstealthy
A: no striking features
a: no special abilities


You were on level 1 of the Dungeon.
You were not hungry.

You visited 1 branch of the dungeon, and saw 1 of its levels.

You collected 34 gold pieces.

Inventory:

Missiles
 a - 29 arrows
Armour
 b - a +0 robe (worn)
 d - a +0 ring mail
Jewellery
 i - a cursed ring of teleportation {unknown}
Scrolls
 g - a scroll of identify {unknown}
 h - 2 scrolls of enchant armour {unknown}
Potions
 f - a potion of flight {unknown}
Books
 c - a book of Changes

   Spells                             Type                      Level
   a - Beastly Appendage              Transmutation                1
   b - Sticks to Snakes               Transmutation                2
   c - Spider Form                    Transmutation/Poison         3
   d - Ice Form                       Ice/Transmutation            4
   e - Blade Hands                    Transmutation                5
Comestibles
 e - 2 bread rations {@e1}


   Skills:
 - Level 1.0 Fighting
 - Level 1.7 Dodging
 + Level 2.8 Unarmed Combat
 - Level 2.0 Spellcasting
 - Level 1.7 Transmutations


You had 3 spell levels left.
You knew the following spells:

 Your Spells              Type           Power        Failure   Level  Hunger
a - Beastly Appendage     Trmt           #.....       14%         1    ##.....


Dungeon Overview and Level Annotations

Branches:
Dungeon (1/15)

Altars:


Message History

The goblin is moderately wounded.
The goblin hits you but does no damage.
You barely miss the goblin.
The goblin is moderately wounded.
The goblin barely misses you.
You closely miss the goblin.
The goblin is moderately wounded.
The goblin hits you with a dagger.
You take 2 damage, and have 10/15 hp.
You hit the goblin.
You kill the goblin!
No target in view!
No target in view!
No target in view!
No target in view!
No target in view!
No target in view!
No target in view!
No target in view!
No target in view!
No target in view!
No target in view!
No target in view!
No target in view!
No target in view!
No target in view!
No target in view!
No target in view!
No target in view!
No target in view!
No target in view!
No target in view!
You see here a dagger.
You now have 34 gold pieces (gained 9).
You open the door.
There is an open door here.
a - 29 arrows (gained 17)
e - 2 bread rations {@e1} (gained 1)
You open the door.
There is an open door here.
You open the door.
There is an open door here.
Found a stone staircase leading down.
Health restored: 15 No target in view!
No target in view!
No target in view!
No target in view!
No target in view!
No target in view!
No target in view!
No target in view!
No target in view!
No target in view!
No target in view!
No target in view!
No target in view!
No target in view!
No target in view!
No target in view!
No target in view!
f - a pink potion
g - a scroll labeled WOANUA ACUIRA As you open the door, it creaks loudly!
You hear a shout!
There is an open door here.
Found a stone staircase leading down.
h - 2 scrolls labeled RACIZIC ZURUH A gnoll comes into view.
It is wielding a club.
Casting: Beastly Appendage
Confirm with . or Enter, or press ? or * to list all spells.
You miscast Beastly Appendage.
You are very lightly contaminated with residual magic.
You smell something strange.
You now have 2/3 mp.
Casting: Beastly Appendage
Confirm with . or Enter, or press ? or * to list all spells.
Your feet morph into talons.
The gnoll hits you with a club.
You take 6 damage, and have 9/15 hp.
O_OOPS!!
MASSIVE DAMAGE!!
You now have 1/3 mp.
Unknown command.
You hit the gnoll.
The gnoll is moderately wounded.
The gnoll hits you with a club.
* * * LOW HITPOINT WARNING * * *
You take 3 damage, and have 6/15 hp.
You hit the gnoll.
The gnoll is moderately wounded.
The gnoll misses you.
You hit the gnoll but do no damage. Your kick misses the gnoll.
The gnoll is moderately wounded.
The gnoll hits you with a club.
* * * LOW HITPOINT WARNING * * *
You take 4 damage, and have 3/15 hp.
O_OOPS!!
MASSIVE DAMAGE!!
Your transformation is almost over.
You see here a granite ring.
i - a granite ring You see here a scroll labeled FEWNAU BECAYD.
Your talons disappear.
The gnoll hits you with a club.
You die... █████

█████.█.█ █.......██
█.?..█ █.█ █g█..█ █.█
█@█..█ █.. █.█ █.█..█
█... █.█ █.█..█ █...
█.█ █.█..█ ██.... █.█
█.█..█
......██.███.█..█
..............>.█
███.█.█....███.......
█ █....▲ ...█████


You could see a gnoll.

Vanquished Creatures
  2 goblins (D:1)
2 creatures vanquished.

Vanquished Creatures (others)
  A giant cockroach (D:1)
1 creature vanquished.

Grand Total: 3 creatures vanquished

Notes
Turn   | Place    | Note
--------------------------------------------------------------
     0 | D:1      | Goblin1989 the Demonspawn Transmuter began the quest for the Orb.
     0 | D:1      | Reached XP level 1. HP: 15/15 MP: 3/3
   336 | D:1      | Slain by a gnoll

Action                   || total
-------------------------++-------
Melee: Unarmed           ||    13
 Cast: Beastly Appendage ||     1

Vault maps used:
D:1:      saegor_arrival_miasma
